 Dungeon Crawl Stone Soup version 0.28-a0-1074-g3cb2360906 (webtiles) character file.

Game seed: 16279228601567388287

195 mdbcvcdmv the Vexing (level 5, -1/24 HPs)
             Began as a Spriggan Enchanter on Dec 9, 2021.
             Slain by Grinder (3 damage)
             ... on level 3 of the Dungeon.
             The game lasted 00:07:26 (4322 turns).

mdbcvcdmv the Vexing (Spriggan Enchanter)           Turns: 4322, Time: 00:07:26

Health: -1/24      AC:  4    Str:  6    XL:     5   Next: 45%
Magic:  12/13      EV: 18    Int: 17    God:
Gold:   70         SH:  0    Dex: 21    Spells: 6/14 levels left

rFire   . . .      SeeInvis +   a - +1 dagger
rCold   . . .      Faith    .   (shield restricted)
rNeg    . . .      Spirit   .   b - +1 robe
rPois   .          Reflect  .   (helmet restricted)
rElec   .          Harm     .   l - +0 cloak
rCorr   .          Rampage  .   (gloves unavailable)
Will    .....                   (boots unavailable)
Stlth   +++.......              (no amulet)
HPRegen 0.08/turn               f - +6 ring of dexterity
MPRegen 0.13/turn               (no ring)

@: very quick
A: very small, no large weapons, unfitting armour, see invisible, speed 3
a: no special abilities


You were on level 3 of the Dungeon.
You visited 1 branch of the dungeon, and saw 3 of its levels.

You collected 70 gold pieces.

Inventory:

Hand Weapons
 a - a +1 dagger (weapon)
 g - a +1 falchion of holy wrath
Missiles
 i - 31 poisoned darts (quivered)
Armour
 b - a +1 robe (worn)
 h - a scarf of resistance
 l - a +0 cloak (worn)
Jewellery
 f - a +6 ring of dexterity (left hand)
Wands
 e - a wand of flame (16)
Scrolls
 d - a scroll of magic mapping
Potions
 c - a potion of invisibility
 j - 2 potions of curing
 k - a potion of degeneration
 m - 2 potions of mutation {unknown}


   Skills:
 - Level 1.1 Short Blades
 - Level 2.6 Dodging
 + Level 4.9 Stealth
 + Level 5.1 Spellcasting
 + Level 5.7 Hexes


You had 6 spell levels left.
You knew the following spells:

 Your Spells              Type           Power      Damage    Failure   Level
a - Ensorcelled Hibernat  Hex/Ice        28%        N/A       6%          2
b - Tukima's Dance        Hex            24%        N/A       3%          3
c - Dazzling Flash        Conj/Hex       28%        N/A       13%         3

Your spell library contained the following spells:

 Spells                   Type           Power      Damage    Failure   Level
 Confusing Touch          Hex            24%        N/A       3%          3


Dungeon Overview and Level Annotations

Branches:
Dungeon (3/15)

Altars:
Vehumet

Annotations:
D:3 Grinder


Innate Abilities, Weirdness & Mutations

You are very small and have problems with some larger weapons.
You are too small for most types of armour.
You have supernaturally acute eyesight. (SInv)
You cover ground extremely quickly. (Speed+++)


Message History

Grinder barely misses you.
Aiming: Throw Flame
Press: ? - help, Shift-Dir - straight line, f/p - Grinder
Aim: Grinder (moderately wounded, 64% to hit)
The puff of flame hits Grinder.
Grinder is heavily wounded.
Grinder hits you.
You writhe in agony.
Aiming: Throw Flame
Press: ? - help, Shift-Dir - straight line, f/p - Grinder
Aim: Grinder (heavily wounded, 64% to hit)
The puff of flame misses Grinder.
Grinder hits you.
You writhe in agony.
Aiming: Throw Flame
Press: ? - help, Shift-Dir - straight line, f/p - Grinder
Aim: Grinder (heavily wounded, 64% to hit)
The puff of flame hits Grinder but does no damage.
Grinder is heavily wounded.
Grinder completely misses you.
Aiming: Throw Flame
Press: ? - help, Shift-Dir - straight line, f/p - Grinder
Aim: Grinder (heavily wounded, 64% to hit)
The puff of flame hits Grinder.
Grinder is heavily wounded.
Grinder misses you.
Aiming: Throw Flame
Press: ? - help, Shift-Dir - straight line, f/p - Grinder
Aim: Grinder (heavily wounded, 64% to hit)
The puff of flame hits Grinder.
Grinder is heavily wounded.
Grinder gestures at you. You resist with some effort.
Aiming: Throw Flame
Press: ? - help, Shift-Dir - straight line, f/p - Grinder
Aim: Grinder (heavily wounded, 64% to hit)
The puff of flame misses Grinder.
Grinder hits you!
* * * LOW HITPOINT WARNING * * *
Aiming: Throw Flame
Press: ? - help, Shift-Dir - straight line, f/p - Grinder
Aim: Grinder (heavily wounded, 64% to hit)
The puff of flame misses Grinder.
Grinder hits you.
You die...

######## #.)....# #########
#.####.# ........# ##....#.#
........# #.....#.#
.......[##########.....#.#
........+.......@5......>##
........##########.....#..#
........##############.##.##
.........†..............#..#
........####♣.#.#.###.#.##.#
....#......♣.♣#....##..♣♣#.##
.##.#.###..♣P†♣♣♣.♣...♣♣.♣..#
.##.#.........♣♣...♣..♣♣..#.#
..#.#..<...♣♣♣♣♣...♣♣♣♣...#.#


You could see Grinder.

Vanquished Creatures
  A scorpion (D:3)
  Crazy Yiuf (D:3)
  A dart slug (D:2)
  A worm (D:2)
  5 orcs
  8 ball pythons
  8 endoplasms
  3 giant cockroaches
  4 goblins
  6 hobgoblins
  9 quokkas
  10 bats
  2 frilled lizards (D:1)
  3 kobolds
  5 rats
67 creatures vanquished.

Vanquished Creatures (collateral kills)
  2 gnolls (D:3)
2 creatures vanquished.

Vanquished Creatures (others)
  2 demonic plants (D:2)
  56 plants (D:3)
58 creatures vanquished.

Grand Total: 127 creatures vanquished

Notes
Turn   | Place    | Note
-------+----------+-------------------------------------------
     0 | D:1      | mdbcvcdmv the Spriggan Enchanter began the quest for the
                  | Orb.
     0 | D:1      | Reached XP level 1. HP: 9/9 MP: 5/5
   235 | D:1      | Reached XP level 2. HP: 13/13 MP: 7/7
   238 | D:1      | Learned a level 2 spell: Ensorcelled Hibernation
  1397 | D:2      | Reached XP level 3. HP: 16/16 MP: 9/9
  1401 | D:2      | Learned a level 3 spell: Tukima's Dance
  1405 | D:2      | Learned a level 3 spell: Dazzling Flash
  1778 | D:2      | Found a faded altar of an unknown god.
  1778 | D:2      | Noticed a sun demon
  3177 | D:3      | Noticed a scorpion
  3184 | D:3      | Found a radiant altar of Vehumet.
  3218 | D:3      | Reached XP level 4. HP: 5/21 MP: 3/11
  3462 | D:3      | Killed a scorpion
  3463 | D:3      | Reached skill level 5 in Hexes
  3620 | D:3      | Reached XP level 5. HP: 21/24 MP: 13/13
  3713 | D:3      | Found a runed translucent door.
  3714 | D:3      | Noticed Crazy Yiuf
  3721 | D:3      | Killed Crazy Yiuf
  3722 | D:3      | Reached skill level 5 in Spellcasting
  4307 | D:3      | Noticed Grinder
  4322 | D:3      | Slain by Grinder

Illustrated notes

Levels and vault maps discovered:
D:1:      dpeg_arrival_solitude, layout_basic
D:2:      minmay_evil_eye, layout_basic, dreamdust_ecumenical_altar_sealed_demon
D:3:      wad_woods_tower, layout_basic, vehumet_altar_wand_db, uniq_grinder,
          uniq_crazy_yiuf_cottage

Skill      XL: |  1  2  3  4  5 |
---------------+----------------+-----
Spellcasting   | 3 4 5 |  5.1
Hexes          | 4 5 |  5.7
Short Blades   | |  1.1
Dodging        | |  2.6
Stealth        | |  4.9

Action                   |  1- 3 |  4- 6 || total
-------------------------+-------+-------++-------
Melee: Dagger            |   155 |    82 ||   237
 Cast: Ensorcelled Hiber |    27 |     6 ||    33
       Dazzling Flash    |       |     1 ||     1
       Tukima's Dance    |       |     2 ||     2
Evoke: Wand              |       |    10 ||    10
  Use: Scroll            |     5 |     2 ||     7
 Stab: Sleeping          |    26 |     8 ||    34
       Invisible         |       |     1 ||     1
Armor: Robe              |    15 |    15 ||    30
Dodge: Dodged            |   142 |    67 ||   209

Table legend: (Time is in decaauts)
 A = Elapsed time spent in this place.
 B = Non-inter-level travel time spent in this place.
 C = Inter-level travel time spent in this place.
 D = Time resting spent in this place.
 E = Time spent auto-exploring this place.
 F = Levels seen in this place.
 G = Mean time per level.
                   A        B        C        D        E       F      G
               +--------+--------+--------+--------+--------+-----+--------+
         Total |   3614 |   3516 |     98 |    470 |   2416 |   3 | 1204.7 |
       Dungeon |   3614 |   3516 |     98 |    470 |   2416 |   3 | 1204.7 |
               +--------+--------+--------+--------+--------+-----+--------+

Top non-repeatable levels by time:
     D:2: 1460 daAuts
     D:1: 1119 daAuts
     D:3: 1035 daAuts
